[ AOE2 MATCH · #505774478 ]
UnrankedMongols vs Chinese
[ REPLAY ANALYSIS · EXTRACTED FROM THE RECORDED GAME ]
Feudal
9:44
Castle
20:25
Imperial
35:03
| APM avg | 44.6 |
| APM peak | 92 |
| eAPM avg | 18.7 |
| Villagers / military | 209 / 624 |
Focus
⚔️ 35.5% · 🌾 64.5%
Scout Cavalry ×260 · Galley ×103 · Skirmisher ×91 · Mangudai ×64 · Camel Scout ×62 · Archer ×26
Feudal
10:18
Castle
20:57
Imperial
38:07
| APM avg | 65.3 |
| APM peak | 116 |
| eAPM avg | 35.9 |
| Villagers / military | 333 / 416 |
Focus
⚔️ 39.1% · 🌾 60.9%
Spearman ×112 · Fire Lancer ×109 · Fire Galley ×65 · Chu Ko Nu ×37 · Skirmisher ×25 · Militia ×24
Feudal
11:47
Castle
17:39
Imperial
35:06
| APM avg | 15.8 |
| APM peak | 53 |
| eAPM avg | 12.6 |
| Villagers / military | 159 / 291 |
Focus
⚔️ 40.4% · 🌾 59.6%
Archer ×128 · Longbowman ×120 · Battering Ram ×17 · Trebuchet (Packed) ×8 · Scorpion ×7 · Fishing Ship ×5
Feudal
11:03
Castle
20:22
Imperial
41:19
| APM avg | 37.4 |
| APM peak | 88 |
| eAPM avg | 19.5 |
| Villagers / military | 182 / 591 |
Focus
⚔️ 34.9% · 🌾 65.1%
Scout Cavalry ×385 · Boyar ×123 · Trade Cart ×52 · Galley ×43 · Unknown (2626) ×31 · Trebuchet (Packed) ×16
Feudal
10:16
Castle
18:05
Imperial
34:10
| APM avg | 38.6 |
| APM peak | 80 |
| eAPM avg | 28.0 |
| Villagers / military | 313 / 506 |
Focus
⚔️ 32.1% · 🌾 67.9%
Scout Cavalry ×299 · Fire Galley ×89 · Knight ×71 · Trade Cart ×25 · Battering Ram ×14 · Monk ×9
Feudal
11:33
Castle
19:29
Imperial
33:00
| APM avg | 19.6 |
| APM peak | 53 |
| eAPM avg | 12.7 |
| Villagers / military | 227 / 62 |
Focus
⚔️ 22.1% · 🌾 77.9%
War Wagon ×31 · Fishing Ship ×24 · Trade Cart ×17 · Knight ×12 · Turtle Ship ×9 · Monk ×5
Match map
Initial resources + every placement click. Lines = walls · curves = elevation contours. ◆ gold · ⬟ stone · ● berries · ✦ relic · ◌ wall gap
Your base· ✓ Map-separated
Malarkey's base· ✓ Map-separated
DD2E 00000000's base· ✓ Map-separated
jube's base· ✓ Map-separated
Eldiano's base· ✓ Map-separated
Ronald's base· ✓ Map-separated
Smoothed initial terrain · ◌ = detected wall gap · hover for details
Inputs per minute
— _Ctm_NeO_ - - Malarkey
Build order — _Ctm_NeO_
First 150 of 730 actions detected
| 0:02 | Build | House |
| 0:03 | Build | House |
| 0:11 | Queue | Villager (Male) |
| 0:11 | Queue | Villager (Male) |
| 0:11 | Queue | Villager (Male) |
| 0:13 | Queue | Villager (Male) |
| 0:14 | Queue | Villager (Male) |
| 1:29 | Queue | Villager (Male) |
| 1:29 | Queue | Villager (Male) |
| 1:58 | Build | Lumber Camp |
| 2:25 | Queue | Villager (Male) |
| 2:26 | Queue | Villager (Male) |
| 2:26 | Queue | Villager (Male) |
| 2:26 | Queue | Villager (Male) |
| 3:02 | Queue | Villager (Male) |
| 3:02 | Queue | Villager (Male) |
| 3:03 | Queue | Villager (Male) |
| 3:03 | Queue | Villager (Male) |
| 3:42 | Queue | Villager (Male) |
| 3:48 | Queue | Villager (Male) |
| 3:48 | Queue | Villager (Male) |
| 4:00 | Queue | Villager (Male) |
| 4:00 | Queue | Villager (Male) |
| 4:16 | Build | House |
| 4:34 | Research | Loom |
| 4:41 | Build | Dock |
| 5:13 | Queue | Villager (Male) |
| 5:43 | Queue | Fishing Ship |
| 6:12 | Build | House |
| 6:18 | Queue | Villager (Male) |
| 6:54 | Build | Mining Camp |
| 7:01 | Queue | Villager (Male) |
| 7:08 | Queue | Villager (Male) |
| 7:11 | Queue | Fishing Ship |
| 7:34 | Research | Feudal Age |
| 7:34 | Research | Feudal Age |
| 8:04 | Build | Dock |
| 9:07 | Build | House |
| 9:28 | Build | House |
| 9:29 | Build | Palisade Wall |
| 9:31 | Build | Palisade Wall |
| 9:39 | Queue | Villager (Male) |
| 9:39 | Queue | Villager (Male) |
| 9:44 | Age | Feudal Age |
| 9:50 | Queue | Unit 2626 ×4 |
| 9:52 | Queue | Villager (Male) |
| 9:57 | Build | Palisade Wall |
| 9:57 | Build | Palisade Wall |
| 10:17 | Build | House |
| 10:20 | Queue | Unit 2626 |
| 10:20 | Queue | Unit 2626 |
| 10:22 | Queue | Villager (Male) |
| 10:30 | Build | House |
| 10:40 | Build | Mill |
| 10:42 | Queue | Villager (Male) |
| 10:52 | Build | House |
| 11:18 | Queue | Unit 2626 |
| 11:24 | Queue | Villager (Male) |
| 11:27 | Build | House |
| 11:29 | Build | House |
| 11:35 | Build | House |
| 11:36 | Build | Palisade Wall |
| 11:37 | Build | Palisade Wall |
| 11:43 | Queue | Villager (Male) |
| 12:04 | Queue | Galley |
| 12:05 | Queue | Villager (Male) |
| 12:41 | Queue | Villager (Male) |
| 12:51 | Build | Market |
| 12:58 | Queue | Galley |
| 12:59 | Queue | Villager (Male) |
| 13:23 | Research | Double-Bit Axe |
| 13:23 | Research | Double-Bit Axe |
| 13:50 | Queue | Galley |
| 13:52 | Queue | Villager (Male) |
| 14:04 | Build | Palisade Wall |
| 14:06 | Build | Palisade Wall |
| 14:12 | Queue | Villager (Male) |
| 14:17 | Build | Blacksmith |
| 14:38 | Queue | Villager (Male) |
| 15:05 | Queue | Villager (Male) |
| 15:08 | Build | Farm |
| 15:11 | Build | Farm |
| 15:12 | Build | Farm |
| 15:29 | Queue | Galley |
| 15:30 | Queue | Villager (Male) |
| 15:40 | Build | House |
| 15:49 | Queue | Villager (Male) |
| 16:16 | Research | Wheelbarrow |
| 16:44 | Build | Lumber Camp |
| 17:08 | Build | Farm |
| 17:30 | Build | Mining Camp |
| 17:45 | Research | Castle Age |
| 17:53 | Queue | Galley |
| 17:53 | Queue | Galley |
| 18:27 | Queue | Galley |
| 18:27 | Queue | Galley |
| 18:27 | Queue | Galley |
| 18:40 | Research | Gold Mining |
| 18:41 | Research | Fletching |
| 19:00 | Queue | Galley |
| 19:33 | Build | Dock |
| 19:42 | Queue | Galley |
| 19:52 | Build | Farm |
| 20:03 | Build | Farm |
| 20:25 | Age | Castle Age |
| 20:31 | Research | War Galley (upgrade) |
| 20:32 | Research | War Galley (upgrade) |
| 20:32 | Research | Bodkin Arrow |
| 20:35 | Queue | Villager (Male) |
| 20:41 | Queue | Galley ×2 |
| 20:59 | Queue | Transport Ship |
| 20:59 | Queue | Transport Ship |
| 21:11 | Queue | Villager (Male) |
| 21:11 | Queue | Villager (Male) |
| 21:22 | Queue | Galley |
| 21:22 | Queue | Galley |
| 21:28 | Queue | Villager (Male) |
| 21:55 | Queue | Galley ×2 |
| 21:56 | Queue | Villager (Male) |
| 22:29 | Queue | Galley |
| 22:33 | Queue | Villager (Male) |
| 22:33 | Queue | Villager (Male) |
| 23:07 | Queue | Villager (Male) |
| 23:09 | Queue | Galley ×2 |
| 23:26 | Queue | Villager (Male) |
| 23:38 | Queue | Villager (Male) |
| 23:53 | Queue | Villager (Male) |
| 23:59 | Build | Farm |
| 24:19 | Queue | Galley ×3 |
| 24:44 | Build | Castle |
| 24:46 | Queue | Villager (Male) |
| 24:56 | Queue | Galley |
| 25:08 | Queue | Villager (Male) |
| 25:10 | Research | Bow Saw |
| 25:16 | Queue | Galley |
| 25:16 | Queue | Galley |
| 25:34 | Queue | Villager (Male) |
| 25:35 | Queue | Villager (Male) |
| 25:42 | Queue | Galley |
| 25:42 | Queue | Galley |
| 25:59 | Queue | Villager (Male) |
| 26:04 | Build | Farm |
| 26:23 | Queue | Galley ×2 |
| 26:24 | Queue | Villager (Male) |
| 26:50 | Build | Dock |
| 26:51 | Queue | Villager (Male) |
| 26:58 | Build | Dock |
| 27:12 | Queue | Galley ×2 |
| 27:34 | Build | Lumber Camp |
| 27:37 | Queue | Villager (Male) |
Build order — Malarkey
First 150 of 1059 actions detected
| 0:04 | Research | Loom |
| 0:04 | Research | Loom |
| 0:45 | Queue | Villager (Male) |
| 0:45 | Queue | Villager (Male) |
| 1:11 | Queue | Villager (Male) |
| 1:34 | Queue | Villager (Male) |
| 1:35 | Queue | Villager (Male) |
| 1:55 | Queue | Villager (Male) |
| 2:11 | Build | Lumber Camp |
| 2:29 | Queue | Villager (Male) |
| 2:30 | Queue | Villager (Male) |
| 2:52 | Queue | Villager (Male) |
| 2:52 | Queue | Villager (Male) |
| 3:24 | Queue | Villager (Male) |
| 3:24 | Queue | Villager (Male) |
| 3:50 | Queue | Villager (Male) |
| 3:51 | Queue | Villager (Male) |
| 3:56 | Build | House |
| 4:01 | Queue | Villager (Male) |
| 4:19 | Queue | Villager (Male) |
| 4:19 | Queue | Villager (Male) |
| 4:35 | Queue | Villager (Male) |
| 5:24 | Build | Dock |
| 5:26 | Queue | Villager (Male) |
| 5:36 | Queue | Villager (Male) |
| 5:42 | Queue | Villager (Male) |
| 5:46 | Queue | Villager (Male) |
| 5:58 | Build | House |
| 6:07 | Queue | Fishing Ship |
| 6:48 | Queue | Fishing Ship |
| 7:09 | Queue | Villager (Male) |
| 7:29 | Queue | Villager (Male) |
| 7:56 | Build | Mill |
| 8:08 | Research | Feudal Age |
| 8:08 | Research | Feudal Age |
| 8:20 | Build | Lumber Camp |
| 8:34 | Build | Palisade Wall |
| 8:42 | Queue | Fishing Ship |
| 8:48 | Build | Palisade Wall |
| 9:21 | Build | Palisade Wall |
| 9:43 | Build | House |
| 10:18 | Age | Feudal Age |
| 10:26 | Queue | Galley |
| 10:48 | Queue | Villager (Male) |
| 10:48 | Queue | Villager (Male) |
| 10:51 | Research | Double-Bit Axe |
| 10:51 | Research | Double-Bit Axe |
| 11:03 | Build | Palisade Wall |
| 11:09 | Build | Market |
| 11:25 | Build | Blacksmith |
| 11:26 | Queue | Villager (Male) |
| 11:29 | Build | House |
| 11:31 | Queue | Fishing Ship |
| 11:39 | Build | Dock |
| 11:53 | Build | Farm |
| 11:53 | Build | Farm |
| 11:53 | Build | Farm |
| 11:53 | Build | Farm |
| 11:54 | Build | Farm |
| 11:58 | Queue | Villager (Male) |
| 12:04 | Queue | Villager (Male) |
| 12:46 | Build | House |
| 12:52 | Queue | Villager (Male) |
| 13:04 | Queue | Galley |
| 13:04 | Queue | Galley |
| 13:07 | Queue | Villager (Male) |
| 13:09 | Build | Mining Camp |
| 13:15 | Build | Farm |
| 13:18 | Build | House |
| 13:30 | Build | Farm |
| 13:32 | Queue | Villager (Male) |
| 13:48 | Build | Farm |
| 13:58 | Queue | Galley |
| 14:07 | Queue | Galley |
| 14:19 | Queue | Villager (Male) |
| 14:20 | Queue | Villager (Male) |
| 14:26 | Build | Farm |
| 14:35 | Research | Fletching |
| 14:35 | Research | Fletching |
| 14:54 | Queue | Villager (Male) |
| 15:03 | Queue | Villager (Male) |
| 15:26 | Queue | Galley |
| 16:09 | Build | Farm |
| 16:09 | Build | Farm |
| 16:09 | Build | Farm |
| 16:10 | Queue | Villager (Male) |
| 16:11 | Queue | Villager (Male) |
| 16:20 | Queue | Galley |
| 16:20 | Queue | Galley |
| 16:29 | Queue | Villager (Male) |
| 16:32 | Build | Farm |
| 16:32 | Queue | Villager (Male) |
| 17:25 | Queue | Villager (Male) |
| 17:28 | Build | Farm |
| 17:29 | Build | Farm |
| 17:30 | Queue | Villager (Male) |
| 17:45 | Build | House |
| 18:17 | Research | Castle Age |
| 18:17 | Research | Castle Age |
| 18:17 | Research | Castle Age |
| 18:25 | Queue | Fire Galley |
| 18:25 | Queue | Fire Galley |
| 18:32 | Research | Horse Collar |
| 18:32 | Research | Horse Collar |
| 18:45 | Queue | Fire Galley |
| 18:45 | Queue | Villager (Male) |
| 18:50 | Build | Farm |
| 19:00 | Queue | Villager (Male) |
| 19:17 | Queue | Fire Galley |
| 19:33 | Build | Dock |
| 19:43 | Queue | Fire Galley |
| 19:55 | Queue | Villager (Male) |
| 20:05 | Build | House |
| 20:07 | Build | House |
| 20:08 | Build | House |
| 20:24 | Queue | Fire Galley |
| 20:27 | Build | House |
| 20:51 | Queue | Fire Galley |
| 20:57 | Age | Castle Age |
| 21:08 | Research | War Galley (upgrade) |
| 21:13 | Build | Town Center |
| 21:23 | Research | Bow Saw |
| 21:31 | Build | Town Center |
| 21:52 | Queue | Fire Galley |
| 21:52 | Queue | Fire Galley |
| 21:58 | Build | House |
| 22:05 | Queue | Villager (Male) |
| 22:19 | Queue | Villager (Male) |
| 22:21 | Queue | Villager (Male) |
| 22:26 | Queue | Fire Galley |
| 22:40 | Queue | Villager (Male) |
| 22:44 | Queue | Villager (Male) |
| 22:44 | Queue | Villager (Male) |
| 22:47 | Queue | Villager (Male) |
| 22:50 | Queue | Villager (Male) |
| 23:19 | Queue | Villager (Male) |
| 23:38 | Queue | Fire Galley |
| 23:38 | Queue | Fire Galley |
| 23:38 | Queue | Fire Galley |
| 23:46 | Queue | Villager (Male) |
| 23:47 | Research | Wheelbarrow |
| 23:51 | Research | Heavy Plow |
| 24:01 | Queue | Villager (Male) |
| 24:01 | Queue | Villager (Male) |
| 24:01 | Queue | Villager (Male) |
| 24:06 | Build | House |
| 24:11 | Queue | Villager (Male) |
| 24:18 | Build | Farm |
| 24:19 | Build | Farm |
| 24:27 | Queue | Villager (Male) |
Build order — DD2E 00000000
First 150 of 584 actions detected
| 0:01 | Queue | Villager (Male) |
| 0:01 | Queue | Villager (Male) |
| 0:02 | Build | House |
| 0:04 | Build | House |
| 0:22 | Queue | Villager (Male) |
| 0:22 | Queue | Villager (Male) |
| 0:23 | Queue | Villager (Male) |
| 1:18 | Queue | Villager (Male) |
| 1:49 | Queue | Villager (Male) |
| 2:24 | Queue | Villager (Male) |
| 2:43 | Queue | Villager (Male) |
| 3:10 | Build | Lumber Camp |
| 3:17 | Build | House |
| 3:19 | Build | House |
| 3:22 | Queue | Villager (Male) |
| 3:31 | Queue | Villager (Male) |
| 3:56 | Queue | Villager (Male) |
| 4:32 | Queue | Villager (Male) |
| 4:58 | Queue | Villager (Male) |
| 5:08 | Build | Mill |
| 5:23 | Queue | Villager (Male) |
| 5:49 | Queue | Villager (Male) |
| 5:54 | Queue | Villager (Male) |
| 6:09 | Build | House |
| 6:12 | Build | House |
| 6:22 | Build | Mining Camp |
| 6:27 | Queue | Villager (Male) |
| 6:34 | Research | Loom |
| 6:50 | Queue | Villager (Male) |
| 6:53 | Research | Loom |
| 7:20 | Build | Palisade Gate |
| 7:22 | Build | House |
| 7:29 | Build | Palisade Wall |
| 7:36 | Queue | Villager (Male) |
| 8:21 | Queue | Villager (Male) |
| 8:37 | Queue | Villager (Male) |
| 8:45 | Queue | Villager (Male) |
| 8:54 | Build | Palisade Wall |
| 9:01 | Build | Palisade Wall |
| 9:36 | Research | Feudal Age |
| 10:09 | Build | Farm |
| 10:09 | Build | Farm |
| 10:10 | Build | Farm |
| 10:11 | Build | Farm |
| 10:41 | Build | House |
| 11:02 | Build | Palisade Wall |
| 11:04 | Build | Palisade Wall |
| 11:10 | Build | Palisade Gate |
| 11:18 | Queue | Villager (Male) |
| 11:18 | Queue | Villager (Male) |
| 11:36 | Build | House |
| 11:40 | Build | Palisade Wall |
| 11:47 | Age | Feudal Age |
| 11:52 | Build | Market |
| 11:57 | Build | Blacksmith |
| 12:15 | Build | Farm |
| 12:31 | Build | Mill |
| 12:40 | Queue | Villager (Male) |
| 12:41 | Queue | Villager (Male) |
| 12:43 | Build | Farm |
| 13:13 | Build | Palisade Wall |
| 13:25 | Queue | Villager (Male) |
| 13:34 | Build | Farm |
| 14:09 | Queue | Villager (Male) |
| 14:09 | Queue | Villager (Male) |
| 14:24 | Build | Palisade Wall |
| 14:39 | Build | Palisade Wall |
| 14:52 | Research | Castle Age |
| 15:41 | Build | Palisade Wall |
| 15:46 | Research | Fletching |
| 15:51 | Research | Double-Bit Axe |
| 15:57 | Build | House |
| 15:58 | Build | House |
| 16:00 | Build | House |
| 16:01 | Build | House |
| 16:30 | Research | Gold Mining |
| 16:34 | Queue | Villager (Male) |
| 16:45 | Build | Mining Camp |
| 16:52 | Queue | Villager (Male) |
| 17:39 | Age | Castle Age |
| 17:55 | Build | House |
| 17:57 | Build | House |
| 18:02 | Build | Town Center |
| 18:14 | Build | Farm |
| 18:16 | Queue | Villager (Male) |
| 18:19 | Build | House |
| 18:30 | Queue | Villager (Male) |
| 18:34 | Build | Mining Camp |
| 18:53 | Build | Barracks |
| 18:55 | Research | Gold Shaft Mining |
| 19:02 | Queue | Villager (Male) |
| 19:02 | Queue | Villager (Male) |
| 19:18 | Queue | Spearman |
| 19:19 | Queue | Spearman |
| 20:06 | Queue | Villager (Male) |
| 20:11 | Build | Farm |
| 20:30 | Build | Archery Range |
| 20:35 | Queue | Villager (Male) |
| 20:44 | Build | Farm |
| 20:48 | Queue | Villager (Male) |
| 20:56 | Research | Bodkin Arrow |
| 20:58 | Queue | Villager (Male) |
| 21:00 | Queue | Villager (Male) |
| 21:01 | Queue | Villager (Male) |
| 21:01 | Queue | Villager (Male) |
| 21:34 | Build | Archery Range |
| 21:38 | Queue | Villager (Male) |
| 21:40 | Queue | Villager (Male) |
| 21:58 | Build | Farm |
| 22:03 | Queue | Villager (Male) |
| 22:10 | Build | Monastery |
| 22:43 | Build | Siege Workshop |
| 22:46 | Research | Wheelbarrow |
| 22:56 | Queue | Monk |
| 22:56 | Queue | Monk |
| 23:13 | Queue | Villager (Male) |
| 23:13 | Queue | Villager (Male) |
| 23:18 | Build | Farm |
| 23:24 | Build | Farm |
| 23:27 | Queue | Villager (Male) |
| 23:28 | Queue | Scorpion |
| 23:31 | Queue | Villager (Male) |
| 23:31 | Queue | Villager (Male) |
| 24:01 | Research | Stone Mining |
| 24:22 | Queue | Villager (Male) |
| 24:30 | Queue | Villager (Male) |
| 25:06 | Research | Crossbowman (upgrade) |
| 25:19 | Queue | Scorpion |
| 25:20 | Queue | Scorpion |
| 25:22 | Queue | Archer |
| 25:22 | Queue | Archer |
| 25:22 | Queue | Archer |
| 25:23 | Queue | Archer |
| 25:23 | Queue | Archer |
| 25:24 | Queue | Archer |
| 25:24 | Queue | Archer |
| 25:24 | Queue | Archer |
| 25:28 | Build | Archery Range |
| 25:47 | Build | Outpost |
| 25:48 | Build | Outpost |
| 25:50 | Build | Outpost |
| 26:02 | Queue | Scorpion |
| 26:03 | Queue | Scorpion |
| 26:05 | Queue | Archer |
| 26:05 | Queue | Archer |
| 26:16 | Research | Horse Collar |
| 26:18 | Research | Hand Cart |
| 26:19 | Research | Town Watch |
| 26:28 | Build | House |
| 26:35 | Queue | Villager (Male) |
Build order — jube
First 150 of 653 actions detected
| 0:02 | Queue | Villager (Male) ×4 |
| 0:02 | Build | House |
| 0:04 | Build | House |
| 1:26 | Queue | Villager (Male) |
| 1:50 | Build | Lumber Camp |
| 1:55 | Queue | Villager (Male) |
| 2:34 | Queue | Villager (Male) |
| 2:45 | Queue | Villager (Male) |
| 2:45 | Queue | Villager (Male) |
| 3:14 | Queue | Villager (Male) |
| 3:14 | Queue | Villager (Male) |
| 3:49 | Queue | Villager (Male) |
| 3:58 | Build | House |
| 4:02 | Queue | Villager (Male) |
| 4:28 | Build | Dock |
| 4:31 | Queue | Villager (Male) |
| 5:06 | Queue | Villager (Male) |
| 5:06 | Queue | Villager (Male) |
| 5:23 | Queue | Fishing Ship |
| 5:27 | Build | House |
| 5:32 | Queue | Villager (Male) |
| 5:32 | Queue | Villager (Male) |
| 5:54 | Queue | Villager (Male) |
| 5:55 | Queue | Villager (Male) |
| 6:06 | Queue | Fishing Ship |
| 6:14 | Build | House |
| 6:36 | Queue | Villager (Male) |
| 6:51 | Queue | Fishing Ship |
| 7:13 | Queue | Villager (Male) |
| 7:17 | Queue | Fishing Ship |
| 7:29 | Queue | Villager (Male) |
| 7:49 | Queue | Fishing Ship |
| 7:55 | Queue | Villager (Male) |
| 7:55 | Research | Loom |
| 8:28 | Research | Feudal Age |
| 8:28 | Research | Feudal Age |
| 8:40 | Build | Mill |
| 9:29 | Build | Lumber Camp |
| 9:47 | Build | Mining Camp |
| 10:40 | Build | Dock |
| 10:51 | Queue | Villager (Male) |
| 11:03 | Age | Feudal Age |
| 11:06 | Queue | Villager (Male) |
| 11:12 | Queue | Unit 2626 |
| 11:19 | Research | Double-Bit Axe |
| 11:23 | Build | House |
| 11:24 | Build | House |
| 11:31 | Build | Farm |
| 11:45 | Queue | Unit 2626 |
| 11:56 | Queue | Villager (Male) |
| 12:04 | Research | Tech 906 |
| 12:04 | Research | Tech 906 |
| 12:29 | Queue | Villager (Male) |
| 12:38 | Research | Wheelbarrow |
| 12:46 | Build | Blacksmith |
| 12:47 | Build | Palisade Wall |
| 12:53 | Build | Farm |
| 12:54 | Queue | Villager (Male) |
| 13:16 | Queue | Galley |
| 13:20 | Research | Fletching |
| 13:34 | Build | Mill |
| 13:45 | Queue | Galley |
| 14:06 | Build | Farm |
| 14:17 | Queue | Galley |
| 14:33 | Queue | Galley |
| 14:35 | Queue | Villager (Male) |
| 14:55 | Queue | Villager (Male) |
| 15:07 | Research | Town Watch |
| 15:12 | Build | House |
| 15:13 | Build | House |
| 15:25 | Queue | Galley |
| 15:26 | Queue | Galley |
| 16:02 | Queue | Villager (Male) |
| 16:16 | Queue | Galley |
| 16:17 | Queue | Galley |
| 16:32 | Queue | Villager (Male) |
| 16:40 | Build | Market |
| 16:40 | Queue | Villager (Male) |
| 17:42 | Research | Castle Age |
| 17:50 | Build | Farm |
| 17:56 | Build | Dock |
| 17:59 | Queue | Fishing Ship |
| 18:06 | Queue | Galley |
| 18:07 | Queue | Galley |
| 18:47 | Queue | Villager (Male) |
| 18:50 | Research | Gold Mining |
| 18:51 | Research | Gold Mining |
| 18:59 | Build | House |
| 19:00 | Build | House |
| 19:01 | Build | House |
| 19:01 | Build | House |
| 19:11 | Build | Dock |
| 19:24 | Queue | Unit 2626 |
| 19:24 | Queue | Unit 2626 |
| 20:22 | Age | Castle Age |
| 20:23 | Research | Bow Saw |
| 20:26 | Research | Bodkin Arrow |
| 20:30 | Research | War Galley (upgrade) |
| 20:35 | Queue | Villager (Male) |
| 20:41 | Build | University |
| 20:53 | Research | Horse Collar |
| 21:01 | Queue | Galley |
| 21:02 | Queue | Galley |
| 21:34 | Queue | Unit 2626 |
| 21:34 | Queue | Unit 2626 |
| 21:34 | Queue | Unit 2626 |
| 21:36 | Queue | Villager (Male) |
| 21:36 | Queue | Villager (Male) |
| 21:51 | Queue | Villager (Male) |
| 22:24 | Research | Ballistics |
| 22:30 | Queue | Unit 2626 |
| 22:30 | Queue | Unit 2626 |
| 23:01 | Queue | Galley ×2 |
| 23:16 | Queue | Galley |
| 23:16 | Queue | Galley |
| 23:21 | Queue | Villager (Male) |
| 23:21 | Queue | Villager (Male) |
| 23:21 | Queue | Villager (Male) |
| 23:39 | Research | Tech 908 |
| 23:51 | Queue | Unit 2626 ×3 |
| 23:53 | Research | Forging |
| 23:55 | Queue | Villager (Male) |
| 24:11 | Queue | Villager (Male) |
| 24:35 | Queue | Unit 2626 |
| 24:35 | Queue | Unit 2626 |
| 24:36 | Queue | Unit 2626 |
| 24:36 | Queue | Unit 2626 |
| 24:53 | Build | Town Center |
| 24:56 | Queue | Villager (Male) |
| 24:57 | Queue | Villager (Male) |
| 25:09 | Research | Careening |
| 25:19 | Queue | Unit 2626 |
| 25:52 | Queue | Fire Galley |
| 25:56 | Queue | Galley |
| 25:57 | Queue | Galley |
| 25:57 | Queue | Galley |
| 25:57 | Queue | Galley |
| 26:12 | Queue | Galley |
| 26:13 | Queue | Galley |
| 26:15 | Queue | Villager (Male) |
| 26:19 | Queue | Villager (Male) |
| 26:21 | Build | House |
| 26:22 | Build | House |
| 26:23 | Build | House |
| 26:24 | Build | House |
| 26:25 | Build | House |
| 26:34 | Queue | Galley ×2 |
| 26:39 | Queue | Villager (Male) |
| 26:58 | Queue | Galley |
| 26:58 | Queue | Galley |
Build order — Eldiano
First 150 of 1126 actions detected
| 0:01 | Queue | Villager (Male) |
| 0:01 | Queue | Villager (Male) |
| 0:04 | Build | House |
| 0:05 | Build | House |
| 0:17 | Queue | Villager (Male) |
| 0:37 | Queue | Villager (Male) |
| 1:05 | Queue | Villager (Male) |
| 1:06 | Queue | Villager (Male) |
| 1:46 | Queue | Villager (Male) |
| 1:58 | Build | Lumber Camp |
| 2:02 | Queue | Villager (Male) |
| 3:08 | Build | House |
| 3:27 | Queue | Villager (Male) |
| 3:28 | Queue | Villager (Male) |
| 4:15 | Queue | Villager (Male) |
| 4:25 | Queue | Villager (Male) |
| 4:57 | Queue | Villager (Male) |
| 5:16 | Build | Dock |
| 5:22 | Queue | Villager (Male) |
| 5:37 | Build | House |
| 5:55 | Queue | Villager (Male) |
| 6:13 | Queue | Villager (Male) |
| 6:30 | Queue | Fishing Ship |
| 6:32 | Queue | Villager (Male) |
| 6:53 | Build | House |
| 6:54 | Build | House |
| 7:01 | Queue | Fishing Ship |
| 7:07 | Queue | Villager (Male) |
| 7:17 | Queue | Fishing Ship |
| 7:36 | Queue | Villager (Male) |
| 7:52 | Build | Mining Camp |
| 8:06 | Research | Feudal Age |
| 9:13 | Build | Dock |
| 9:22 | Research | Loom |
| 10:16 | Age | Feudal Age |
| 10:22 | Queue | Unit 2626 |
| 10:26 | Queue | Unit 2626 |
| 10:28 | Queue | Villager (Male) |
| 10:33 | Research | Double-Bit Axe |
| 10:51 | Queue | Villager (Male) |
| 11:00 | Queue | Unit 2626 |
| 11:22 | Queue | Villager (Male) |
| 11:29 | Build | House |
| 11:30 | Build | House |
| 11:36 | Research | Town Watch |
| 11:43 | Build | Mill |
| 12:02 | Queue | Villager (Male) |
| 12:10 | Queue | Villager (Male) |
| 12:32 | Build | Blacksmith |
| 12:51 | Queue | Fire Galley |
| 12:51 | Queue | Fire Galley |
| 12:55 | Queue | Villager (Male) |
| 12:56 | Queue | Villager (Male) |
| 13:15 | Build | House |
| 13:16 | Build | House |
| 13:29 | Queue | Villager (Male) |
| 13:38 | Build | Market |
| 14:06 | Research | Wheelbarrow |
| 14:12 | Build | Lumber Camp |
| 14:29 | Queue | Fishing Ship |
| 14:29 | Queue | Fishing Ship |
| 14:55 | Research | Castle Age |
| 15:25 | Queue | Fire Galley |
| 15:26 | Queue | Fire Galley |
| 16:04 | Queue | Fire Galley ×2 |
| 16:21 | Research | Gold Mining |
| 16:38 | Queue | Unit 2626 |
| 16:39 | Queue | Unit 2626 |
| 17:18 | Research | Horse Collar |
| 17:24 | Build | Farm |
| 17:24 | Build | Farm |
| 17:25 | Build | Farm |
| 17:40 | Build | Farm |
| 18:05 | Age | Castle Age |
| 18:09 | Build | Monastery |
| 18:09 | Queue | Villager (Male) |
| 18:33 | Build | Town Center |
| 18:41 | Research | War Galley (upgrade) |
| 18:42 | Queue | Villager (Male) |
| 18:44 | Build | Farm |
| 18:45 | Queue | Villager (Male) |
| 19:13 | Queue | Monk |
| 19:22 | Queue | Villager (Male) |
| 19:23 | Queue | Villager (Male) |
| 19:28 | Queue | Fire Galley ×2 |
| 19:28 | Queue | Fire Galley ×2 |
| 19:33 | Queue | Villager (Male) |
| 19:42 | Queue | Monk |
| 19:57 | Queue | Villager (Male) |
| 20:10 | Queue | Villager (Male) |
| 20:10 | Queue | Villager (Male) |
| 20:22 | Build | Dock |
| 20:34 | Queue | Fire Galley ×4 |
| 20:35 | Queue | Villager (Male) |
| 20:36 | Queue | Villager (Male) |
| 20:39 | Queue | Villager (Male) |
| 20:57 | Queue | Villager (Male) |
| 21:01 | Build | Farm |
| 21:06 | Build | House |
| 21:07 | Build | House |
| 21:08 | Build | House |
| 21:09 | Build | House |
| 21:43 | Queue | Villager (Male) |
| 21:43 | Queue | Villager (Male) |
| 21:45 | Build | Farm |
| 21:52 | Build | Lumber Camp |
| 22:01 | Queue | Villager (Male) |
| 22:02 | Queue | Villager (Male) |
| 22:21 | Build | Town Center |
| 22:28 | Queue | Fire Galley ×4 |
| 22:29 | Queue | Villager (Male) |
| 22:30 | Queue | Villager (Male) |
| 22:46 | Research | Bow Saw |
| 23:06 | Queue | Fire Galley ×3 |
| 23:06 | Queue | Fire Galley ×3 |
| 23:07 | Queue | Villager (Male) |
| 23:15 | Build | House |
| 23:16 | Build | House |
| 23:18 | Build | House |
| 23:18 | Build | House |
| 23:37 | Queue | Villager (Male) |
| 23:38 | Queue | Villager (Male) |
| 23:41 | Build | Farm |
| 23:41 | Build | Farm |
| 23:42 | Queue | Villager (Male) |
| 24:14 | Queue | Fire Galley ×5 |
| 24:15 | Queue | Fire Galley ×2 |
| 24:16 | Queue | Villager (Male) |
| 24:17 | Queue | Villager (Male) |
| 24:21 | Build | Farm |
| 24:22 | Queue | Villager (Male) |
| 24:24 | Queue | Villager (Male) |
| 24:41 | Queue | Fire Galley ×4 |
| 24:41 | Queue | Fire Galley ×4 |
| 24:52 | Build | Farm |
| 24:53 | Queue | Villager (Male) |
| 24:54 | Queue | Villager (Male) |
| 24:54 | Queue | Villager (Male) |
| 24:55 | Queue | Villager (Male) |
| 25:22 | Build | House |
| 25:23 | Build | House |
| 25:24 | Build | House |
| 25:25 | Build | House |
| 25:51 | Queue | Villager (Male) |
| 25:53 | Queue | Fire Galley ×5 |
| 25:53 | Queue | Fire Galley ×5 |
| 25:53 | Queue | Fire Galley ×3 |
| 25:54 | Research | Tech 905 |
| 26:26 | Build | Dock |
| 26:30 | Build | Dock |
Build order — Ronald
First 150 of 593 actions detected
| 0:03 | Build | House |
| 0:05 | Build | House |
| 0:05 | Queue | Villager (Male) |
| 0:06 | Queue | Villager (Male) |
| 0:06 | Queue | Villager (Male) |
| 0:44 | Queue | Villager (Male) |
| 1:48 | Queue | Villager (Male) |
| 2:23 | Build | Lumber Camp |
| 2:34 | Queue | Villager (Male) |
| 2:34 | Queue | Villager (Male) |
| 2:37 | Queue | Villager (Male) |
| 2:37 | Queue | Villager (Male) |
| 2:39 | Queue | Villager (Male) |
| 2:40 | Queue | Villager (Male) |
| 3:27 | Queue | Villager (Male) |
| 4:11 | Queue | Villager (Male) |
| 4:43 | Queue | Villager (Male) |
| 4:43 | Queue | Villager (Male) |
| 4:49 | Build | House |
| 5:43 | Build | Mill |
| 5:49 | Queue | Villager (Male) |
| 5:49 | Queue | Villager (Male) |
| 5:49 | Queue | Villager (Male) |
| 5:50 | Queue | Villager (Male) |
| 5:50 | Queue | Villager (Male) |
| 6:14 | Queue | Villager (Male) |
| 6:37 | Queue | Villager (Male) |
| 7:06 | Queue | Villager (Male) |
| 7:13 | Build | Dock |
| 7:35 | Build | House |
| 8:23 | Queue | Fishing Ship |
| 8:23 | Queue | Fishing Ship |
| 8:36 | Queue | Villager (Male) |
| 9:18 | Research | Feudal Age |
| 9:20 | Queue | Fishing Ship |
| 9:38 | Build | House |
| 9:58 | Build | Mill |
| 10:14 | Queue | Villager (Male) |
| 10:15 | Queue | Fishing Ship |
| 10:16 | Queue | Fishing Ship |
| 11:10 | Queue | Villager (Male) |
| 11:14 | Queue | Fishing Ship |
| 11:14 | Queue | Fishing Ship |
| 11:33 | Age | Feudal Age |
| 11:51 | Build | Mining Camp |
| 12:01 | Queue | Fishing Ship |
| 12:40 | Queue | Fire Galley |
| 12:40 | Queue | Fire Galley |
| 12:45 | Queue | Galley |
| 12:46 | Queue | Galley |
| 12:57 | Build | House |
| 13:10 | Build | House |
| 13:13 | Research | Tech 906 |
| 13:14 | Queue | Villager (Male) |
| 13:18 | Research | Loom |
| 13:21 | Research | Wheelbarrow |
| 13:35 | Queue | Fishing Ship |
| 13:39 | Queue | Villager (Male) |
| 13:39 | Queue | Villager (Male) |
| 14:10 | Research | Double-Bit Axe |
| 14:14 | Research | Horse Collar |
| 14:52 | Queue | Villager (Male) |
| 14:53 | Queue | Villager (Male) |
| 15:09 | Build | Blacksmith |
| 15:46 | Build | Market |
| 15:51 | Queue | Villager (Male) |
| 15:54 | Queue | Villager (Male) |
| 15:59 | Queue | Villager (Male) |
| 16:00 | Queue | Villager (Male) |
| 16:17 | Queue | Villager (Male) |
| 16:30 | Queue | Fishing Ship |
| 16:30 | Queue | Fishing Ship |
| 16:32 | Queue | Fishing Ship |
| 16:49 | Research | Castle Age |
| 17:05 | Queue | Fishing Ship |
| 17:24 | Build | Mining Camp |
| 17:40 | Build | House |
| 17:43 | Build | House |
| 17:51 | Queue | Fishing Ship |
| 18:04 | Research | Gold Mining |
| 18:04 | Research | Stone Mining |
| 18:13 | Queue | Fishing Ship |
| 18:14 | Queue | Fishing Ship |
| 18:29 | Build | House |
| 18:41 | Queue | Villager (Male) |
| 18:57 | Queue | Fishing Ship |
| 18:57 | Queue | Fishing Ship |
| 19:08 | Build | Dock |
| 19:29 | Age | Castle Age |
| 19:49 | Build | University |
| 19:57 | Queue | Villager (Male) |
| 19:57 | Queue | Villager (Male) |
| 20:15 | Build | Lumber Camp |
| 20:32 | Queue | Villager (Male) |
| 21:04 | Build | Monastery |
| 21:15 | Queue | Villager (Male) |
| 21:16 | Queue | Villager (Male) |
| 21:24 | Research | Bow Saw |
| 21:27 | Queue | Fishing Ship |
| 21:28 | Queue | Fishing Ship |
| 21:52 | Queue | Villager (Male) |
| 21:59 | Queue | Monk |
| 21:59 | Queue | Monk |
| 22:07 | Research | Fervor |
| 22:13 | Build | House |
| 22:16 | Research | Wheelbarrow |
| 22:21 | Research | Gillnets |
| 22:30 | Build | Town Center |
| 22:52 | Build | House |
| 22:54 | Build | House |
| 22:55 | Build | House |
| 22:56 | Build | House |
| 22:59 | Build | House |
| 23:00 | Build | House |
| 23:04 | Build | House |
| 23:06 | Build | House |
| 23:09 | Queue | Villager (Male) |
| 23:09 | Queue | Villager (Male) |
| 23:18 | Research | Gold Shaft Mining |
| 23:21 | Research | Stone Shaft Mining |
| 24:00 | Queue | Monk |
| 24:10 | Queue | Fishing Ship |
| 24:11 | Queue | Fishing Ship |
| 24:11 | Queue | Fishing Ship |
| 24:13 | Queue | Fishing Ship |
| 24:46 | Queue | Villager (Male) |
| 24:46 | Queue | Villager (Male) |
| 24:56 | Research | Heavy Plow |
| 25:19 | Build | Watch Tower |
| 25:25 | Build | Watch Tower |
| 25:31 | Build | Watch Tower |
| 25:34 | Build | Watch Tower |
| 25:40 | Build | Watch Tower |
| 25:52 | Queue | Villager (Male) |
| 25:56 | Research | Hand Cart |
| 26:07 | Build | Farm |
| 26:07 | Build | Farm |
| 26:07 | Build | Farm |
| 26:08 | Build | Farm |
| 26:08 | Build | Farm |
| 26:08 | Build | Farm |
| 26:08 | Build | Farm |
| 26:10 | Build | Farm |
| 26:10 | Build | Farm |
| 26:11 | Build | Farm |
| 26:15 | Build | Farm |
| 26:15 | Build | Farm |
| 26:21 | Build | Farm |
| 26:25 | Queue | Villager (Male) |
| 26:25 | Queue | Villager (Male) |
Match timeline
| 4:28 | jube · first_building Dock |
| 4:41 | _Ctm_NeO_ · first_building Dock |
| 5:16 | Eldiano · first_building Dock |
| 5:24 | Malarkey · first_building Dock |
| 7:13 | Ronald · first_building Dock |
| 7:29 | DD2E 00000000 · wall_segment Palisade Wall x1 |
| 8:34 | Malarkey · wall_segment Palisade Wall x3 |
| 8:48 | Malarkey · wall_segment Palisade Wall x1 |
| 8:54 | DD2E 00000000 · wall_segment Palisade Wall x11 |
| 9:01 | DD2E 00000000 · wall_segment Palisade Wall x7 |
| 9:21 | Malarkey · wall_segment Palisade Wall x7 |
| 9:29 | _Ctm_NeO_ · wall_segment Palisade Wall x1 |
| 9:31 | _Ctm_NeO_ · wall_segment Palisade Wall x1 |
| 9:44 | _Ctm_NeO_ · age_up feudal |
| 9:57 | _Ctm_NeO_ · wall_segment Palisade Wall x1 |
| 9:57 | _Ctm_NeO_ · wall_segment Palisade Wall x1 |
| 10:16 | Eldiano · age_up feudal |
| 10:18 | Malarkey · age_up feudal |
| 11:02 | DD2E 00000000 · wall_segment Palisade Wall x8 |
| 11:03 | Malarkey · wall_segment Palisade Wall x4 |
| 11:03 | jube · age_up feudal |
| 11:04 | DD2E 00000000 · wall_segment Palisade Wall x13 |
| 11:33 | Ronald · age_up feudal |
| 11:36 | _Ctm_NeO_ · wall_segment Palisade Wall x1 |
| 11:37 | _Ctm_NeO_ · wall_segment Palisade Wall x1 |
| 11:40 | DD2E 00000000 · wall_segment Palisade Wall x12 |
| 11:47 | DD2E 00000000 · age_up feudal |
| 12:47 | jube · wall_segment Palisade Wall x1 |
| 13:01 | Malarkey · first_market_sell 100 stone |
| 13:13 | DD2E 00000000 · wall_segment Palisade Wall x7 |
| 14:04 | _Ctm_NeO_ · wall_segment Palisade Wall x3 |
| 14:06 | _Ctm_NeO_ · wall_segment Palisade Wall x3 |
| 14:24 | DD2E 00000000 · wall_segment Palisade Wall x6 |
| 14:39 | DD2E 00000000 · wall_segment Palisade Wall x12 |
| 14:47 | Eldiano · first_market_buy 100 food |
| 14:50 | DD2E 00000000 · first_market_buy 100 food |
| 15:41 | DD2E 00000000 · wall_segment Palisade Wall x7 |
| 17:35 | _Ctm_NeO_ · first_market_buy 100 food |
| 17:39 | DD2E 00000000 · age_up castle |
| 17:44 | _Ctm_NeO_ · first_market_sell 100 wood |
| 17:54 | Malarkey · first_market_buy 100 food |
| 18:05 | Eldiano · age_up castle |
| 18:09 | Eldiano · first_building Monastery |
| 18:53 | DD2E 00000000 · first_building Barracks |
| 19:29 | Ronald · age_up castle |
| 20:22 | jube · age_up castle |
| 20:25 | _Ctm_NeO_ · age_up castle |
| 20:30 | DD2E 00000000 · first_building Archery Range |
| 20:57 | Malarkey · age_up castle |
| 21:04 | Ronald · first_building Monastery |
| 22:10 | DD2E 00000000 · first_building Monastery |
| 22:43 | Eldiano · first_market_sell 100 food |
| 22:43 | DD2E 00000000 · first_building Siege Workshop |
| 24:44 | _Ctm_NeO_ · first_building Castle |
| 24:51 | Malarkey · wall_segment Palisade Wall x1 |
| 27:59 | Eldiano · first_building Barracks |
| 28:46 | Ronald · first_building Castle |
| 29:33 | Eldiano · first_building Stable |
| 29:43 | Ronald · first_market_sell 500 wood |
| 29:46 | Ronald · first_market_buy 100 food |
| 29:55 | DD2E 00000000 · first_building Castle |
| 31:38 | jube · first_market_sell 100 food |
| 31:39 | jube · first_market_buy 100 stone |
| 32:15 | Malarkey · wall_segment Palisade Wall x1 |
| 33:00 | Ronald · age_up imperial |
| 33:04 | Malarkey · first_building Monastery |
| 34:10 | Eldiano · age_up imperial |
| 34:14 | Malarkey · first_building Castle |
| 34:55 | Malarkey · wall_segment Stone Wall x13 |
| 34:59 | Malarkey · wall_segment Stone Wall x11 |
| 35:03 | _Ctm_NeO_ · age_up imperial |
| 35:05 | Malarkey · wall_segment Stone Wall x1 |
| 35:06 | DD2E 00000000 · age_up imperial |
| 35:09 | Ronald · first_building Barracks |
| 35:25 | Malarkey · first_building Barracks |
| 35:45 | Eldiano · first_building Castle |
| 35:57 | Malarkey · first_building Siege Workshop |
| 37:31 | jube · first_building Monastery |
| 37:49 | Eldiano · first_building Siege Workshop |
| 37:52 | Ronald · first_building Stable |
| 38:07 | Malarkey · age_up imperial |
| 38:50 | jube · first_building Barracks |
| 39:39 | jube · first_building Stable |
| 39:47 | jube · first_building Castle |
| 41:19 | jube · age_up imperial |
| 42:35 | _Ctm_NeO_ · first_building Barracks |
| 43:07 | _Ctm_NeO_ · first_building Archery Range |
| 44:17 | jube · first_building Siege Workshop |
| 45:08 | DD2E 00000000 · tribute_sent a jugador 1 |
| 45:08 | DD2E 00000000 · tribute_sent a jugador 2 |
| 45:08 | DD2E 00000000 · tribute_sent a jugador 4 |
| 45:08 | DD2E 00000000 · tribute_sent a jugador 5 |
| 45:08 | DD2E 00000000 · tribute_sent a jugador 6 |
| 46:20 | DD2E 00000000 · first_market_sell 500 food |
| 51:34 | _Ctm_NeO_ · first_building Stable |
| 52:58 | DD2E 00000000 · tribute_sent a jugador 1 |
| 52:58 | DD2E 00000000 · tribute_sent a jugador 2 |
| 52:58 | DD2E 00000000 · tribute_sent a jugador 4 |
| 52:58 | DD2E 00000000 · tribute_sent a jugador 5 |
| 52:58 | DD2E 00000000 · tribute_sent a jugador 6 |
| 57:09 | Malarkey · first_building Archery Range |
| 58:19 | Ronald · tribute_sent a jugador 1 |
| 58:19 | Ronald · tribute_sent a jugador 2 |
| 58:19 | Ronald · tribute_sent a jugador 3 |
| 58:19 | Ronald · tribute_sent a jugador 4 |
| 58:19 | Ronald · tribute_sent a jugador 5 |
| 59:58 | _Ctm_NeO_ · first_building Monastery |
| 61:52 | _Ctm_NeO_ · tribute_sent a jugador 2 |
| 61:52 | _Ctm_NeO_ · tribute_sent a jugador 3 |
| 61:52 | _Ctm_NeO_ · tribute_sent a jugador 4 |
| 61:52 | _Ctm_NeO_ · tribute_sent a jugador 5 |
| 61:52 | _Ctm_NeO_ · tribute_sent a jugador 6 |
| 63:24 | _Ctm_NeO_ · tribute_sent a jugador 2 |
| 63:24 | _Ctm_NeO_ · tribute_sent a jugador 3 |
| 63:24 | _Ctm_NeO_ · tribute_sent a jugador 4 |
| 63:24 | _Ctm_NeO_ · tribute_sent a jugador 5 |
| 63:24 | _Ctm_NeO_ · tribute_sent a jugador 6 |
| 64:27 | Malarkey · wall_segment Palisade Wall x1 |
| 69:47 | Eldiano · tribute_sent a jugador 1 |
| 69:47 | Eldiano · tribute_sent a jugador 2 |
| 69:47 | Eldiano · tribute_sent a jugador 3 |
| 69:47 | Eldiano · tribute_sent a jugador 4 |
| 69:47 | Eldiano · tribute_sent a jugador 6 |
| 73:22 | Eldiano · wall_segment Stone Wall x16 |
| 76:23 | _Ctm_NeO_ · tribute_sent a jugador 2 |
| 76:23 | _Ctm_NeO_ · tribute_sent a jugador 3 |
| 76:23 | _Ctm_NeO_ · tribute_sent a jugador 4 |
| 76:23 | _Ctm_NeO_ · tribute_sent a jugador 5 |
| 76:23 | _Ctm_NeO_ · tribute_sent a jugador 6 |
| 79:51 | _Ctm_NeO_ · tribute_sent a jugador 2 |
| 79:51 | _Ctm_NeO_ · tribute_sent a jugador 3 |
| 79:51 | _Ctm_NeO_ · tribute_sent a jugador 4 |
| 79:51 | _Ctm_NeO_ · tribute_sent a jugador 5 |
| 79:51 | _Ctm_NeO_ · tribute_sent a jugador 6 |
| 79:52 | DD2E 00000000 · first_building Dock |
| 86:07 | Eldiano · resign |
[ AI ANALYSIS · 1 CREDIT ]
What really happened in this match?
Wolo.gg analyzes every decision: build order, eco, micro, common mistakes by bracket. Personalized analysis on WhatsApp or Discord in 30 seconds.
Civ guide
Mongols
Perfil
Jugador #3404978